 Dungeon Crawl Stone Soup version 0.31-a0-1172-g9944ec47dd (webtiles) character file.

Game seed: 1663454591945966609

254 Fodor the Covered (level 5, -1/69 HPs)
             Began as a Minotaur Fighter on Dec 10, 2023.
             Slain by an ogre
             ... wielding a +0 giant club
              (16 damage)
             ... on level 4 of the Dungeon on Dec 11, 2023.
             The game lasted 00:17:39 (3390 turns).

Fodor the Covered (Minotaur Fighter)                Turns: 3390, Time: 00:17:42

Health: -1/69      AC:  9    Str: 22    XL:     5   Next: 90%
Magic:  4/4        EV: 10    Int:  5    God:
Gold:   196        SH:  0    Dex: 10    Spells: 4/4 levels left

rFire   x . .        o - +3 flail (heavy)
rCold   + . .        t - orb {*Rage}
rNeg    . . .        b - +0 scale mail
rPois   .            r - +2 hat
rElec   .            (no cloak)
rCorr   .            (no gloves)
SInv    .            (no boots)
Will    .....        (no amulet) Stlth
                     i - ring of ice
HPRegen 0.31/turn    (no ring)
MPRegen 0.09/turn

%: random rage (20%)
@: confused, berserking (expiring), slowed
A: horns 2, retaliatory headbutt
a: no special abilities


You were on level 4 of the Dungeon.
You visited 1 branch of the dungeon, and saw 4 of its levels.

You collected 196 gold pieces.

Inventory:

Hand Weapons
 a - a +0 war axe
 o - a +3 heavy flail (weapon)
Armour
 b - a +0 scale mail (worn)
 c - a +0 buckler
 r - a +2 hat (worn)
 t - an orb of wrath (worn)
Jewellery
 i - a ring of ice (left hand)
Wands
 s - a wand of iceblast (12)
Scrolls
 e - 4 scrolls of revelation {unknown}
 f - 2 scrolls of teleportation {unknown}
 g - 2 scrolls of brand weapon {unknown}
 h - a scroll of silence {unknown}
 l - 3 scrolls of identify {unknown}
 n - a scroll of fear {unknown}
 u - 2 scrolls of enchant armour {unknown}
Potions
 d - 3 potions of might
 j - 2 potions of invisibility {unknown}
 k - a potion of attraction {unknown}
 m - 2 potions of degeneration {unknown}
 p - 3 potions of curing {unknown}
 q - a potion of lignification {unknown}


   Skills:
 + Level 4.2 Fighting
 + Level 3.8(4.4) Axes
 + Level 3.4(4.2) Maces & Flails
 + Level 5.3 Armour
 + Level 1.6 Dodging
 + Level 4.0 Shields


You had 4 spell levels left.
You didn't know any spells.
Your spell library was empty.

Dungeon Overview and Level Annotations

Branches:
Dungeon (4/15)
 Temple: D:4-7

Altars:
Elyvilon
Fedhas
Xom
Zin

Shops:
D:4 =


Innate Abilities, Weirdness & Mutations

You have a pair of horns on your head.
You reflexively headbutt those who attack you in melee.


Message History

Your will is overpowered!
You are more confused.
The bullfrog hits you but does no damage.
You miss the bullfrog. Your headbutt misses the bullfrog.
You feel sick.
The bullfrog hits you but does no damage.
The kobold brigand hits you with a +0 quarterstaff.
* * * LOW HITPOINT WARNING * * *
The bullfrog closely misses you. The kobold brigand misses you.
The ogre completely misses you.
You thump the bullfrog! Your headbutt misses the bullfrog.
The bullfrog is heavily wounded.
You feel sick. The bullfrog hits you.
* * * LOW HITPOINT WARNING * * *
The bullfrog barely misses you. The kobold brigand barely misses you.
The ogre barely misses you. The bullfrog misses you.
The kobold brigand hits you with a +0 quarterstaff.
* * * LOW HITPOINT WARNING * * *
You are too berserk!
You are too berserk!
You closely miss the kobold brigand.
The kobold brigand is moderately wounded.
You feel sick.
You are no longer poisoned.
The bullfrog misses you. The bullfrog closely misses you.
The ogre barely misses you.
The kobold brigand hits you but does no damage.
The bullfrog barely misses you.
The kobold brigand hits you but does no damage.
You miss the kobold brigand.
Your headbutt misses the kobold brigand.
The kobold brigand is moderately wounded.
The bullfrog releases a deep croak.
The bullfrog barely misses you. The ogre closely misses you.
The bullfrog hits you but does no damage.
The kobold brigand zaps a wand.
Your will is overpowered!
You are more confused.
The kobold brigand zaps a wand.
Your will is overpowered!
You are more confused.
The bullfrog hits you but does no damage.
The ogre hits you with a +0 giant club!
You die...

# ##.........
#############..#######
#.†))#...#....##... .
#.###))...# #.#8.# .# 8#
#.# #..∩..###.#.!##.##(.#
..###.....#...#........_#
####.#...#...©#.†©....)_#
#..###..#..#OF......_#
##.........#K@##.##..#
######..#####.#8.# .# #
.......## #.##... .
######## #..#######
##......... ###########


You could see a kobold brigand, an ogre and a bullfrog.

Vanquished Creatures
  Ijyb (D:3)
  7 gnolls
  7 adders
  3 worms
  3 dart slugs (D:3)
  An orc (D:3)
  4 endoplasms
  2 giant cockroaches
  5 goblins
  8 hobgoblins
  5 jackals
  A quokka (D:1)
  6 ball pythons
  5 bats
  15 frilled lizards
  11 kobolds
  7 rats
91 creatures vanquished.

Notes
Turn   | Place    | Note
-------+----------+-------------------------------------------
     0 | D:1      | Fodor the Minotaur Fighter began the quest for the Orb.
     0 | D:1      | Reached XP level 1. HP: 19/19 MP: 0/0
   155 | D:1      | Reached XP level 2. HP: 27/27 MP: 1/1
   156 | D:1      | Reached skill level 4 in Armour
   329 | D:1      | Reached XP level 3. HP: 31/33 MP: 2/2
   463 | D:1      | Found a faded altar of an unknown god.
  1480 | D:2      | Found a glowing silver altar of Zin.
  1772 | D:2      | Reached skill level 1 in Maces & Flails
  1772 | D:2      | Reached XP level 4. HP: 40/40 MP: 3/3
  1794 | D:2      | Reached skill level 1 in Dodging
  2198 | D:3      | Reached skill level 5 in Armour
  2204 | D:3      | Reached XP level 5. HP: 46/46 MP: 4/4
  2266 | D:3      | Noticed Ijyb
  2271 | D:3      | Killed Ijyb
  3262 | D:4      | Found Koedyabui's One-of-a-Kind Rings.
  3266 | D:4      | Found a transporter.
  3270 | D:4      | Noticed an ogre
  3382 | D:4      | Found a shimmering altar of Xom.
  3382 | D:4      | Found a blossoming altar of Fedhas.
  3382 | D:4      | Found a white marble altar of Elyvilon.
  3390 | D:4      | Slain by an ogre

Illustrated notes

Levels and vault maps discovered:
D:1:      dpeg_arrival_windows_large_door, layout_basic, basic_ecumenical_altar,
          minmay_lizard_pond
D:2:      minmay_evil_eye, layout_loops_ring, basic_altar
D:3:      layout_loops_ring, uniq_ijyb
D:4:      layout_loops_ring, gammafunk_temple_overflow_arena,
          nicolae_shop_unique_rings

Skill      XL: |  1  2  3  4  5 |
---------------+----------------+-----
Armour         | 4 5 |  5.3
Axes           | 3 |  3.8
Maces & Flails | 1 2 3 |  3.4
Dodging        | 1 |  1.6
Fighting       | 4 |  4.2
Shields        | 4 |  4.0

Action                     |  1- 3 |  4- 6 || total
---------------------------+-------+-------++-------
  Melee: War axe           |    91 |       ||    91
         Headbutt          |    15 |     8 ||    23
         Flail             |    16 |    75 ||    91
 Armour: Scale mail        |    90 |    84 ||   174
  Dodge: Dodged            |    57 |    65 ||   122
  Block: Buckler           |    30 |    25 ||    55

Table legend: (Time is in decaauts)
 A = Elapsed time spent in this place.
 B = Non-inter-level travel time spent in this place.
 C = Inter-level travel time spent in this place.
 D = Time resting spent in this place.
 E = Time spent auto-exploring this place.
 F = Levels seen in this place.
 G = Mean time per level.
                   A        B        C        D        E       F      G
               +--------+--------+--------+--------+--------+-----+--------+
         Total |   3526 |   3462 |     64 |    905 |      0 |   4 |  881.5 |
       Dungeon |   3526 |   3462 |     64 |    905 |      0 |   4 |  881.5 |
               +--------+--------+--------+--------+--------+-----+--------+

Top non-repeatable levels by time:
     D:1: 1344 daAuts
     D:3: 1126 daAuts
     D:2: 866 daAuts
     D:4: 188 daAuts
